 Dungeon Sprint DCSS version 0.21-a0-274-gc1afaeb (webtiles) character file.

29183 potatolord6000 the Messiah (level 13, -10/139 HPs)
             Began as a Hill Orc Monk on Sept 19, 2017.
             Was the Champion of Beogh.
             Mangled by a merfolk
             ... wielding a +0 trident
              (15 damage)
             ... in the Dungeon (Sprint VII: "The Pits").
             The game lasted 00:12:56 (3948 turns).

potatolord6000 the Messiah (Hill Orc Monk)          Turns: 3948, Time: 00:12:57

Health: -10/139    AC: 27    Str: 26    XL:     13   Next: 43%
Magic:  23/27      EV: 10    Int: 10    God:    Beogh [******]
Gold:   24         SH:  0    Dex: 18    Spells: 12/12 levels left

rFire    . . .     SeeInvis .   j - +2 dire flail "Wodwy" {elec, Dex+2}
rCold    . . .     Gourm    .   (shield currently unavailable)
rNeg     . . .     Faith    .   a - +4 plate armour of Heresy {Str+7}
rPois    .         Spirit   .   r - +0 helmet
rElec    .         Reflect  .   (no cloak)
rCorr    .         Harm     .   (no gloves)
MR       .....     NoTele   +   (no boots)
Stlth    ..........             (no amulet)
HPRegen  0.33/turn              b - +3 ring of protection
MPRegen  0.20/turn              p - +3 ring of dexterity

@: very slightly contaminated
A: walk on water
a: Smiting, Recall Orcish Followers, Give Item to Named Follower, Resurrection,
Renounce Religion


You were in the Dungeon.
You worshipped Beogh.
Beogh was exalted by your worship.
You were not hungry.

You visited 1 branch You collected 24 gold pieces.

Inventory:

Hand Weapons
 j - the +2 dire flail "Wodwy" (weapon) {elec, Dex+2}
   (You found it in the Dungeon)

   Occasionally, upon striking a foe, it will discharge some electrical energy
   and cause terrible harm.
   It affects your dexterity (+2).
Armour
 a - the +4 plate armour of Heresy (worn) {Str+7}
   (You found it in the Dungeon)

   It affects your strength (+7).
 r - a +0 helmet (worn)
Jewellery
 b - a +3 ring of protection (left hand)
 p - a +3 ring of dexterity (right hand)
Scrolls
 e - a scroll of recharging
 i - 4 scrolls of blinking
 k - 6 scrolls of remove curse
 l - 5 scrolls of amnesia
 t - a scroll of identify
Potions
 g - 3 potions of magic
 h - 7 potions of berserk rage
 q - 2 potions of brilliance
Comestibles
 c - 8 bread rations
 n - 43 fruits
 o - 6 meat rations
 s - 18 royal jellies


   Skills:
 + Level 19.9 Fighting
 + Level 18.5 Maces & Flails
 + Level 18.2 Armour
 - Level 2.4 Dodging
 - Level 1.5 Stealth
 + Level 21.0 Invocations


You had 12 spell levels left.
You didn't know any spells.

Dungeon Overview and Level Annotations

Branches:
Dungeon (1/1)

Altars:
Ashenzari
Cheibriados
Dithmenos
Elyvilon
Fedhas
Gozag
Hepliaklqana
Kikubaaqudgha
Makhleb
Nemelex Xobeh
Okawaru
Qazlal
Ru
Sif Muna
Trog
Uskayaw
Vehumet
Wu Jian
Xom
Yredelemnul
Zin
The Shining One
Beogh
Jiyva
Lugonu


Message History

* * * LOW HITPOINT WARNING * * *
The merfolk throws a tomahawk.
The tomahawk hits you!
* * * LOW HITPOINT WARNING * * *
The merfolk throws a tomahawk.
The tomahawk hits you but does no damage.
You swap places.
The merfolk hits you but does no damage.
You see here a javelin.
The merfolk hits you from afar with a trident!
* * * LOW HITPOINT WARNING * * *
The phantom hits you but does no damage.
The merfolk throws a tomahawk.
The tomahawk hits you but does no damage.
The phantom hits you but does no damage.
You see here a tomahawk.
Unknown command.
You hit the merfolk. Lightning courses through the merfolk!
The merfolk is moderately wounded.
The merfolk hits you with a trident!
You die...

########## ###### #(........
...... #xx....... ......
#.@###### ###### #Wm'#.#m# #
#..#m#)# # #..##m# # #..#.#.# #
#..## #)# # #..################
#############..................
#_________.##..................


You could see 3 merfolk, a phantom and 2 friendly small abominations.

Vanquished Creatures
  An ancient lich (D)
  A Brimstone Fiend (D)
  An acid blob (D)
  A daeva (D)
  A ghost moth (D)
  A frost giant (D)
  A merfolk javelineer (D)
  A naga warrior (D)
  2 death yaks (D)
  An unseen horror (D)
  A lindwurm (D)
  3 flayed ghosts (D)
  A phantasmal warrior (D)
  A deep elf mage (D)
  2 slime creatures (D)
  2 manticores (D)
  A merfolk siren (D)
  An elephant (D)
  2 spiny frogs (D)
  A yaktaur (D)
  An orange demon (D)
  2 ice devils (D)
  2 komodo dragons (D)
  A demonic crawler (D)
  A troll (D)
  A jumping spider (D)
  A wind drake (D)
  A hornet (D)
  A snapping turtle (D)
  A blink frog (D)
  A spriggan (D)
  A hog (shapeshifter) (D)
  An air elemental (D)
  A shadow (D)
  A basilisk (D)
  A vampire mosquito (D)
  A naga (D)
  6 insubstantial wisps (D)
  An acid dragon (D)
  5 hell hounds (D)
  Purgy (D)
  A black bear (D)
  2 ogres (D)
  3 wolves (D)
  A phantom (D)
  A centaur (D)
  2 big kobolds (D)
  A bullfrog (D)
  A scorpion (D)
  A quasit (D)
  A hound (D)
  A gnoll (D)
  A white imp (D)
  An ufetubus (D)
  An ooze (D)
  An adder zombie (D)
  3 leopard geckos (D)
  A hobgoblin (D)
  3 jackals (D)
  2 quokkas (D)
  2 bats (D)
  2 frilled lizards (D)
  A jackal skeleton (D)
91 creatures vanquished.

Vanquished Creatures (collateral kills)
  A phantasmal warrior (D)
  A rust devil (D)
  2 spiny frogs (D)
  A demonic crawler (D)
  3 blink frogs (D)
  A vampire mosquito (D)
  2 insubstantial wisps (D)
  2 wolves (D)
  A centaur (D)
  A crimson imp (D)
  An orc priest (D)
  A leopard gecko (D)
  An orc (D)
  A hobgoblin (D)
19 creatures vanquished.

Vanquished Creatures (others)
  An orc knight (D)
  2 orcs (D)
  A bat simulacrum (D)
4 creatures vanquished.

Grand Total: 114 creatures vanquished

Notes
Turn   | Place    | Note
-------+----------+-------------------------------------------
     0 | D        | potatolord6000 the Hill Orc Monk began the quest for the Orb.
     0 | D        | Reached XP level 1. HP: 19/19 MP: 1/1
    48 | D        | Found a bloodstained altar of Trog.
    48 | D        | Found a deep blue altar of Sif Muna.
    48 | D        | Found a viscous altar of Jiyva.
    48 | D        | Found a hazy altar of Hepliaklqana.
    48 | D        | Found an opulent altar of Gozag.
    49 | D        | Found a glowing golden altar of the Shining One.
    49 | D        | Found a glowing silver altar of Zin.
    49 | D        | Found a basalt altar of Yredelemnul.
    49 | D        | Found a shimmering altar of Xom.
    49 | D        | Found an ornate altar of the Wu Jian Council.
    49 | D        | Found a sacrificial altar of Ru.
    49 | D        | Found a stormy altar of Qazlal.
    49 | D        | Found an iron altar of Okawaru.
    49 | D        | Found a sparkling altar of Nemelex Xobeh.
    49 | D        | Found a burning altar of Makhleb.
    49 | D        | Found a blossoming altar of Fedhas.
    49 | D        | Found a white marble altar of Elyvilon.
    49 | D        | Found a shadowy altar of Dithmenos.
    49 | D        | Found a snail-covered altar of Cheibriados.
    51 | D        | Found a radiant altar of Vehumet.
    51 | D        | Found a corrupted altar of Lugonu.
    51 | D        | Found a roughly hewn altar of Beogh.
    53 | D        | Found an ancient bone altar of Kikubaaqudgha.
    53 | D        | Found a hide-covered altar of Uskayaw.
    53 | D        | Found a shattered altar of Ashenzari.
    61 | D        | Became a worshipper of Beogh the Brigand
    61 | D        | Reached * piety under Beogh
    61 | D        | Reached ** piety under Beogh
    83 | D        | Reached skill level 1 in Armour
    83 | D        | Reached skill level 1 in Invocations
   152 | D        | Reached skill level 2 in Invocations
   152 | D        | Reached XP level 2. HP: 27/27 MP: 3/3
   226 | D        | Reached *** piety under Beogh
   232 | D        | Reached skill level 3 in Invocations
   377 | D        | Reached skill level 5 in Fighting
   377 | D        | Reached XP level 3. HP: 35/36 MP: 5/5
   379 | D        | Reached **** piety under Beogh
   459 | D        | Noticed a bullfrog
   466 | D        | Noticed a black bear
   466 | D        | Killed a bullfrog
   466 | D        | Reached skill level 5 in Maces & Flails
   466 | D        | Reached skill level 5 in Invocations
   466 | D        | Reached XP level 4. HP: 32/45 MP: 5/8
   469 | D        | Killed a black bear
   469 | D        | Reached ***** piety under Beogh
   469 | D        | Reached skill level 5 in Armour
   469 | D        | Reached skill level 6 in Invocations
   469 | D        | Reached XP level 5. HP: 35/53 MP: 8/10
   470 | D        | Reached skill level 7 in Invocations
   473 | D        | Reached XP level 6. HP: 41/61 MP: 2/11
   581 | D        | Reached skill level 8 in Invocations
   583 | D        | Noticed a phantom
   586 | D        | Gained Berold as an ally
   598 | D        | Killed a phantom
   598 | D        | Reached skill level 9 in Invocations
   653 | D        | Noticed a flayed ghost
   653 | D        | Noticed a flayed ghost
   656 | D        | Killed a flayed ghost
   656 | D        | Reached skill level 10 in Fighting
   656 | D        | Reached skill level 10 in Invocations
   656 | D        | Reached XP level 7. HP: 73/73 MP: 6/15
   656 | D        | Reached XP level 8. HP: 81/81 MP: 6/16
   658 | D        | Reached skill level 10 in Maces & Flails
   665 | D        | Killed a flayed ghost
   665 | D        | Reached ****** piety under Beogh
   665 | D        | Reached skill level 10 in Armour
   665 | D        | Reached skill level 11 in Invocations
   728 | D        | Got the +2 dire flail "Wodwy" {elec, Dex+2}
   924 | D        | Noticed an orange demon
   925 | D        | Noticed a spiny frog
   939 | D        | Killed a spiny frog
   939 | D        | Reached skill level 12 in Invocations
   943 | D        | Reached XP level 9. HP: 50/90 MP: 16/18
   957 | D        | Killed an orange demon
  1225 | D        | Noticed a manticore
  1225 | D        | Noticed a phantasmal warrior
  1227 | D        | Killed a manticore
  1227 | D        | Reached skill level 13 in Invocations
  1240 | D        | Killed a phantasmal warrior
  1324 | D        | Noticed a rust devil
  1325 | D        | Noticed a lindwurm
  1329 | D        | Killed a lindwurm
  1329 | D        | Reached skill level 14 in Invocations
  1333 | D        | Killed a rust devil
  1333 | D        | Reached XP level 10. HP: 47/102 MP: 11/20
  1595 | D        | Noticed an elephant
  1602 | D        | Killed an elephant
  1613 | D        | Noticed a manticore
  1628 | D        | Killed a manticore
  1763 | D        | Reached skill level 15 in Invocations
  1771 | D        | Noticed a phantasmal warrior
  1780 | D        | Killed a phantasmal warrior
  1948 | D        | Noticed a flayed ghost
  1959 | D        | Killed a flayed ghost
  1959 | D        | Reached skill level 15 in Fighting
  2250 | D        | Reached XP level 11. HP: 63/112 MP: 12/22
  2251 | D        | Reached skill level 16 in Invocations
  2427 | D        | Noticed Purgy
  2429 | D        | Noticed a death yak
  2429 | D        | Killed Purgy
  2440 | D        | Killed a death yak
  2448 | D        | Killed an unseen horror
  2461 | D        | Noticed a deep elf mage
  2475 | D        | Killed a deep elf mage
  2548 | D        | Reached skill level 15 in Maces & Flails
  2548 | D        | Reached skill level 17 in Invocations
  2872 | D        | Reached skill level 15 in Armour
  3072 | D        | Noticed a frost giant
  3082 | D        | Killed a frost giant
  3348 | D        | Killed a ghost moth
  3348 | D        | Reached skill level 18 in Invocations
  3348 | D        | Reached XP level 12. HP: 85/125 MP: 23/25
  3356 | D        | Noticed a Brimstone Fiend
  3362 | D        | Killed a Brimstone Fiend
  3370 | D        | Noticed an ancient lich
  3371 | D        | Your ally Berold died
  3381 | D        | Killed an ancient lich
  3381 | D        | Reached skill level 19 in Invocations
  3479 | D        | Noticed an acid blob
  3487 | D        | Killed an acid blob
  3487 | D        | Reached skill level 20 in Invocations
  3487 | D        | Reached XP level 13. HP: 112/137 MP: 19/27
  3516 | D        | Got the +4 plate armour of Heresy {Str+7}
  3890 | D        | Noticed a daeva
  3897 | D        | Killed a daeva
  3906 | D        | Noticed a merfolk javelineer
  3908 | D        | Killed a merfolk javelineer
  3923 | D        | Reached skill level 21 in Invocations
  3946 | D        | HP: 5/139 [merfolk/trident (7)]
  3948 | D        | Mangled by a merfolk

Vault maps used:
D:        pitsprint

Skill      XL: |  1  2  3  4  5  6  7  8  9 10 11 12 13 |
---------------+----------------------------------------+-----
Fighting       | 4 5 6 7 8 10 12 13 15 17 19 | 19.9
Armour         | 1 3 4 5 6 9 10 12 13 15 17 18 | 18.2
Invocations    | 2 3 5 6 7 10 12 14 15 18 20 21 | 21.0
Maces & Flails | 4 5 6 7 9 11 12 14 16 17 18 | 18.5
Dodging        | |  2.4
Stealth        | |  1.5

Action                   |  1- 3 |  4- 6 |  7- 9 | 10-12 | 13-15 || total
-------------------------+-------+-------+-------+-------+-------++-------
Melee: Mace              |    32 |       |       |       |       ||    32
       Flail             |     5 |    20 |     8 |       |       ||    33
       Dire flail        |       |       |    36 |   180 |    62 ||   278
Invok: Smiting           |       |     5 |     7 |    18 |     7 ||    37
       Give Item to Name |       |       |     1 |       |       ||     1
  Use: Potion            |     2 |     1 |     5 |    16 |     4 ||    28
       Scroll            |       |       |       |     2 |     2 ||     4
 Stab: Sleeping          |     1 |       |       |       |       ||     1
       Distracted        |       |       |       |     1 |       ||     1
  Eat: Meat ration       |       |       |     1 |     2 |       ||     3
Armor: Robe              |     7 |       |       |       |       ||     7
       Ring mail         |     2 |    14 |     2 |       |       ||    18
       Chain mail        |       |       |    35 |   113 |    10 ||   158
       Plate armour      |       |       |       |       |    49 ||    49
Dodge: Dodged            |    40 |    20 |    25 |    80 |    34 ||   199

Table legend:
 A = Spawn XP
 B = Non-spawn XP
 C = Spawn XP percentage of total XP
 D = Spawn monster count
 E = Non-spawn monster count
 F = Spawn count percentage of total count
 G = Total turns spent on level
                    A         B        C        D         E        F      G
               +---------+---------+-------+---------+---------+-------+---------
         Total |       0 |   41691 |   0.0 |       0 |     110 |   0.0 |  3948
               +---------+---------+-------+---------+---------+-------+---------
             D |       0 |   41691 |   0.0 |       0 |     110 |   0.0 |  3948
               +---------+---------+-------+---------+---------+-------+---------
